 Dungeon Crawl Stone Soup version 0.21-a0-91-ga5031da (webtiles) character file.

61 Gorglomux the Ducker (level 4, 0/34 HPs)
             Began as a Merfolk Summoner on June 29, 2017.
             Was an Initiate of Fedhas.
             Slain by an adder (4 damage)
             ... on level 2 of the Dungeon.
             The game lasted 00:02:54 (2877 turns).

Gorglomux the Ducker (Merfolk Summoner)             Turns: 2877, Time: 00:02:55

Health: 0/34       AC: 10    Str:  9    XL:     4   Next: 7%
Magic:  7/7        EV:  4    Int: 14    God:    Fedhas [......]
Gold:   93         SH:  0    Dex: 14    Spells: 6/7 levels left

rFire    . . .     SeeInvis .   h - +0 short sword
rCold    . . .     Gourm    .   (no shield)
rNeg     . . .     Faith    .   y - +0 chain mail
rPois    .         Spirit   .   (no helmet)
rElec    .         Reflect  .   s - +0 cloak
rCorr    .         Harm     .   o - +0 pair of gloves
MR       .....                  (no boots)
Stlth    ..........             (no amulet)
HPRegen  0.11/turn              (no ring)
MPRegen  0.10/turn              (no ring)

@: lethally poisoned (0 -> -3)
A: change form in water, swift swim, stealthy swim
a: Fungal Bloom, Renounce Religion


You were on level 2 of the Dungeon.
You worshipped Fedhas.
Fedhas was noncommittal.
You were hungry.

You visited 1 branch of the dungeon, and saw 2 of its levels.

You collected 93 gold pieces.

Inventory:

Hand Weapons
 h - a +0 short sword (weapon)
Armour
 a - a +0 robe
 o - a +0 pair of gloves (worn)
 s - a +0 cloak (worn)
 y - a +0 chain mail (worn)
Jewellery
 f - an uncursed ring of magical power {unknown}
Scrolls
 e - 2 scrolls of teleportation {unknown}
 j - a scroll of immolation {unknown}
 k - a scroll of recharging {unknown}
 u - a scroll of identify {unknown}
 x - a scroll of remove curse {unknown}
 z - a scroll of fear {unknown}
Potions
 m - 2 potions of mutation {unknown}
 n - a potion of lignification {unknown}
 p - a potion of cancellation {unknown}
 q - a potion of brilliance {unknown}
 w - a potion of heal wounds {unknown}
Books
 b - a book of Callings

   Spells                             Type                      Level
   a - Summon Small Mammal            Summoning                    1
   b - Call Imp                       Summoning                    2
   c - Call Canine Familiar           Summoning                    3
   d - Summon Guardian Golem          Hexes/Summoning              3
   e - Summon Lightning Spire         Summoning/Air                4
   f - Summon Ice Beast               Ice/Summoning                4
 r - a book of Cantrips

   Spells                             Type                      Level
   a - Confusing Touch                Hexes                        1
   b - Animate Skeleton               Necromancy                   1
   c - Summon Small Mammal            Summoning                    1
   d - Apportation                    Translocation                1
Comestibles
 c - 2 bread rations
 t - a chunk of flesh
 v - 4 fruits


   Skills:
 + Level 2.4 Fighting
 + Level 4.5 Dodging
 - Level 2.1 Stealth
 - Level 0.2 Unarmed Combat
 - Level 2.0 Spellcasting
 - Level 4.0 Summonings


You had 6 spell levels left.
You knew the following spells:

 Your Spells              Type           Power        Failure   Level  Hunger
a - Summon Small Mammal   Summ           ##..         99%         1    ##.....


Dungeon Overview and Level Annotations

Branches:
Dungeon (2/15)

Altars:
Fedhas
Hepliaklqana


Message History

The adder is almost dead.
The adder bites you.
* * * LOW HITPOINT WARNING * * *
The adder bites you but does no damage.
You closely miss the adder.
The adder is almost dead.
You feel sick. The adder bites you but does no damage.
You closely miss the adder.
The adder is almost dead.
The adder barely misses you. The adder bites you.
* * * LOW HITPOINT WARNING * * *
You closely miss the adder.
The adder is almost dead.
* * * LOW HITPOINT WARNING * * *
You feel sick. The adder bites you but does no damage.
You hit the adder but do no damage.
The adder is almost dead.
The adder bites you.
You die...
Fedhas appreciates your contribution to the ecosystem.

......#....##...#^##
##.#### #...
......#....##..)#..# #....#
#... ...........##...##.#
####.###.).
....###....##.#.##.#
#....... #####
#....##.#.##.# #######....
..#
#....#..#.##.####..........
..#
#.......#....##...######...
..# #....#....#####...#
#... ..#
######.##S@.......# #...
..# #.########...# #### ..#
#.# ###......# ..# ###
#...##...# ..# #.#......#
### #.#.....## #.#._8_.#
#.#.....# #.#.....#


You could see an adder.

Vanquished Creatures
  An ooze (D:2)
  4 dart slugs
  A leopard gecko (D:1)
  5 bats
  5 giant cockroaches
  4 goblins
  4 hobgoblins
  3 jackals (D:1)
  4 frilled lizards (D:1)
  8 kobolds
  5 rats (D:1)
44 creatures vanquished.

Vanquished Creatures (collateral kills)
  2 hobgoblins (D:1)
  A jackal (D:1)
3 creatures vanquished.

Grand Total: 47 creatures vanquished

Notes
Turn   | Place    | Note
-------+----------+-------------------------------------------
     0 | D:1      | Gorglomux the Merfolk Summoner began the quest for the Orb.
     0 | D:1      | Reached XP level 1. HP: 13/13 MP: 3/3
   321 | D:1      | Reached skill level 3 in Dodging
   323 | D:1      | Reached skill level 1 in Fighting
   323 | D:1      | Reached XP level 2. HP: 3/21 MP: 1/5
  1360 | D:1      | Reached XP level 3. HP: 23/27 MP: 6/6
  2681 | D:2      | Reached XP level 4. HP: 31/34 MP: 7/7
  2794 | D:2      | Found a hazy altar of Hepliaklqana.
  2801 | D:2      | Found a blossoming altar of Fedhas.
  2811 | D:2      | Became a worshipper of Fedhas Madash
  2877 | D:2      | Slain by an adder

Vault maps used:
D:1:      minmay_arrival_plants_in_alcoves, st_stairs_4, minmay_hexomino_c4
D:2:      chequers_temple_overflow_statue_of_worship, first_bread,
          kennysheep_potato

Skill      XL: |  1  2  3 |
---------------+----------+-----
Dodging        | 3 4 |  4.5
Fighting       | 1 2 |  2.4
Stealth        | |  2.1
Unarmed Combat | |  0.2
Spellcasting   | |  2.0
Summonings     | |  4.0

Action                   |  1- 3 |  4- 6 || total
-------------------------+-------+-------++-------
Melee: Unarmed           |    70 |       ||    70
       Short sword       |   143 |    45 ||   188
 Cast: Summon Small Mamm |     4 |       ||     4
  Use: Potion            |     1 |       ||     1
 Stab: Sleeping          |     5 |       ||     5
  Eat: Chunk             |     6 |       ||     6
Armor: Robe              |    37 |       ||    37
       Chain mail        |       |    34 ||    34
Dodge: Dodged            |   173 |    11 ||   184
